 Dungeon Crawl Stone Soup version 0.18.1-2-ga659475 (webtiles) character file.

46284 Alarkh the Impaler (level 14, -1/103 HPs)
             Began as a Mummy Skald on May 8, 2016.
             Was an Initiate of Gozag.
             Shot with an arrow by Nessos (11 damage)
             ... on level 7 of the Lair of Beasts.
             The game lasted 00:41:43 (21871 turns).

Alarkh the Impaler (Mummy Skald)                   Turns: 21871, Time: 00:41:45

Health: -1/103     AC: 10    Str: 15    XL:     14   Next: 4%
Magic:  19/23      EV: 14    Int: 16    God:    Gozag
Gold:   3384       SH:  0    Dex: 12    Spells: 3 memorised, 19 levels left

rFire  + + .     SeeInvis .     a - +5 spear (venom)
rCold  + . .     Gourm    .     c - +2 robe {rF+}
rNeg   + + +     Faith    .     (no shield)
rPois  ∞         Spirit   .     l - +0 helmet
rElec  .         Dismiss  .     q - +0 cloak {rF+}
rCorr  .         Reflect  .     (no gloves)
SustAt .         Harm     .     w - +2 pair of boots
MR     +....                    E - amulet of regeneration
Stlth  +.........               G - ring of protection from fire
                                f - +4 ring of evasion

@: shrouded, somewhat resistant to hostile enchantments, very unstealthy
A: no food or potions, fire vulnerability, cold resistance 1, negative energy
resistance 3, torment resistance, unbreathing, in touch with death 1, restore
body
a: Self-Restoration, Potion Petition, Call Merchant, Bribe Branch, Renounce
Religion


You were on level 7 of the Lair of Beasts.
You worshipped Gozag.
Gozag was noncommittal.
You were not hungry.

You visited 3 branches of the dungeon, and saw 17 of its levels.
You also visited: Volcano.

You collected 4662 gold pieces.
You spent 537 gold pieces at shops.
You paid 741 gold pieces to Gozag.

Inventory:

Hand Weapons
 a - a +5 spear of venom (weapon)
 b - a +0 halberd of flaming
Missiles
 z - 3 throwing nets (quivered)
Armour
 c - a +2 robe of fire resistance (worn)
 e - a +0 cloak
 l - a +0 helmet (worn)
 o - a +1 buckler of fire resistance
 q - a +0 cloak of fire resistance (worn)
 w - a +2 pair of boots (worn)
 A - a +0 robe of magic resistance
Jewellery
 f - a +4 ring of evasion (left hand)
 h - a +4 ring of dexterity
 p - a +4 ring of strength
 t - an uncursed amulet of magic regeneration
 u - an uncursed ring of resist corrosion
 E - an amulet of regeneration (around neck)
 G - a ring of protection from fire (right hand)
Wands
 n - a wand of paralysis (9/24)
 r - a wand of flame (25/48)
 s - a wand of flame (35/48)
 v - a wand of hasting (5/9)
 x - a wand of disintegration (6/24)
 y - a wand of digging (9/24)
 B - a wand of confusion (31/48)
 F - a wand of iceblast (9/15)
 H - a wand of polymorph (3/24)
Scrolls
 d - 6 scrolls of teleportation
 g - 4 scrolls of recharging
 i - 4 scrolls of identify
 j - 9 scrolls of remove curse
 k - 2 scrolls of blinking
 m - a scroll of magic mapping
 C - a scroll of enchant weapon
 D - a scroll of holy word


   Skills:
 + Level 7.4 Fighting
 * Level 15.3 Polearms
 + Level 6.4 Armour
 + Level 6.1 Dodging
 - Level 6.0 Spellcasting
 - Level 7.0 Charms


You had 19 spell levels left.
You knew the following spells:

 Your Spells              Type           Power        Failure   Level  Hunger
a - Infusion              Chrm           ####         1%          1    N/A
c - Spectral Weapon       Hex/Chrm       ###.....     12%         3    N/A
e - Shroud of Golubria    Chrm/Tloc      ###.......   6%          2    N/A

Dungeon Overview and Level Annotations

Branches:
Dungeon (9/15)             Temple (1/1) D:7            Lair (7/8) D:9
  Swamp (0/4) Lair:3       Spider (0/4) Lair:5
  Slime: Lair:6-8       Orc: D:9-12

Altars:
Ashenzari
Cheibriados
Dithmenos
Elyvilon
Fedhas
Gozag
Kikubaaqudgha
Makhleb
Nemelex Xobeh
Okawaru
Pakellas
Qazlal
Ru
Sif Muna
Trog
Vehumet
Xom
Yredelemnul
Zin
The Shining One

Shops:
D:4 ?(*   D:5 %   D:6 =   D:7 %   Lair:1 *

Annotations:
Lair:7 Nessos


Innate Abilities, Weirdness & Mutations

You do not eat or drink.
Your flesh is vulnerable to fire.
You are immune to poison.
Your flesh is cold resistant.
You are immune to negative energy.
You are immune to unholy pain and torment.
You can survive without breathing.
You are in touch with the powers of death.
You can restore your body by infusing magical energy.


Message History

Nessos shoots an arrow.
The arrow hits you!! The arrow burns you.
There is an open door here.
You see here 2 arrows.
You swap places.
Nessos shoots an arrow.
The arrow hits your spectral weapon!!
Your spectral weapon shares its damage with you!
Your spectral weapon fades away.
You see here 2 arrows.
Nessos shoots an arrow.
The arrow hits you!
* * * LOW HITPOINT WARNING * * *
The arrow burns you.
* * * LOW HITPOINT WARNING * * *
There is an escape hatch in the ceiling here.
You see here an arrow.
Nessos shoots an arrow.
The arrow hits you!
* * * LOW HITPOINT WARNING * * *
The arrow burns you.
* * * LOW HITPOINT WARNING * * *
Nessos shoots an arrow.
The arrow hits you!
You die...
Your body crumbles into a pile of gold.

#.###P# ###.....##
##....#####.....####
#.....PP##.........
##...........>......
#...................
#...................
#..............[....
##...........##....#.
#.#.@.......###...##.
###((#####.## ##..###
##(# ### .....
#.........# ##.#+.
#......(...'..# .. .P
##.$...c....... ...
.. ##.........#...+.
#.........#.##
##.........##


You could see Nessos.

Vanquished Creatures
  Rupert (Lair:4)
  Harold (Lair:3)
  5 hydras
  4 death yaks (Lair:7)
  A swamp dragon (Lair:3)
  A lindwurm (Lair:5)
  4 elephants (Lair:6)
  3 toenail golems (Volcano)
  4 black mambas
  A torpor snail (Lair:6)
  Psyche (D:9)
  A molten gargoyle (Lair:5)
  9 spiny frogs
  5 komodo dragons
  A queen bee (Lair:6)
  4 jumping spiders (Lair:5)
  2 polar bears
  2 boulder beetles
  16 blink frogs
  6 redbacks (Lair:5)
  A wyvern (Lair:7)
  10 humans
  44 yaks
  2 fire bats (Lair:5)
  8 hippogriffs
  Menkaure (D:7)
  2 hell hounds (Lair:2)
  16 water moccasins
  10 porcupines
  An ice beast (D:7)
  4 orc warriors
  4 sky beasts
  3 black bears
  A necrophage (D:9)
  2 phantoms (D:8)
  9 ogres
  7 centaurs
  14 crocodiles
  17 wolves
  A big kobold (D:8)
  18 giant frogs
  A wyvern zombie (D:8)
  A gnoll sergeant (D:6)
  A water moccasin zombie (D:5)
  A scorpion (D:5)
  30 killer bees
  4 wights (D:7)
  5 howler monkeys
  3 electric eels (Lair:5)
  3 crimson imps
  6 orc priests
  3 hounds
  A centaur skeleton (D:6)
  8 iguanas
  4 orc wizards
  4 worker ants
  14 sheep
  A hound zombie (D:7)
  A howler monkey skeleton (D:3)
  11 gnolls
  12 adders
  76 river rats
  2 shadow imps
  2 oozes (D:2)
  An adder skeleton (D:4)
  3 adder zombies
  3 worms
  2 dart slugs (D:1)
  6 giant geckos
  23 orcs
  6 ball pythons
  9 bats
  5 giant cockroaches
  8 goblins
  7 hobgoblins
  9 jackals
  8 kobolds
  3 quokkas
  A giant gecko skeleton (D:4)
  5 giant newts
  9 rats
  A fungus (Lair:5)
550 creatures vanquished.

Vanquished Creatures (others)
  A quokka (D:9)
  A bush (Lair:5)
  10 fungi
  2 plants (Lair:4)
  27 spectral weapons
41 creatures vanquished.

Grand Total: 591 creatures vanquished

Notes
Turn   | Place    | Note
--------------------------------------------------------------
     0 | D:1      | Alarkh the Mummy Skald began the quest for the Orb.
     0 | D:1      | Reached XP level 1. HP: 16/16 MP: 3/3
    68 | D:1      | Reached skill level 2 in Polearms
   142 | D:1      | Reached XP level 2. HP: 22/22 MP: 0/5
   635 | D:1      | Reached XP level 3. HP: 27/27 MP: 3/6
   726 | D:2      | Learned a level 2 spell: Shroud of Golubria
   735 | D:2      | Reached skill level 3 in Polearms
  1577 | D:2      | Found a blossoming altar of Fedhas.
  1584 | D:2      | Reached XP level 4. HP: 25/33 MP: 1/7
  1809 | D:2      | Reached skill level 4 in Polearms
  1943 | D:3      | Found a shadowy altar of Dithmenos.
  2202 | D:3      | Reached XP level 5. HP: 38/38 MP: 2/8
  2264 | D:3      | Learned a level 3 spell: Spectral Weapon
  2629 | D:4      | Found Rucunyu's Magic Scroll Shop.
  2700 | D:4      | Bought a scroll of magic mapping for 38 gold pieces
  2864 | D:4      | Noticed an ogre
  2925 | D:3      | Reached skill level 5 in Polearms
  2976 | D:3      | Reached XP level 6. HP: 37/44 MP: 0/9
  3256 | D:4      | Found Deurphoda's General Store.
  3435 | D:4      | Found Daga Bowasee's Weapon Boutique.
  4136 | D:5      | Entered Level 5 of the Dungeon
  4144 | D:5      | Found Jusus's Food Shoppe.
  4252 | D:5      | HP: 2/44 [water moccasin zombie (5)]
  4253 | D:5      | Reached XP level 7. HP: 3/50 MP: 4/12
  5410 | D:6      | Found Rim Uvurr's Jewellery Shop.
  5465 | D:6      | Reached skill level 6 in Polearms
  5586 | D:6      | Reached XP level 8. HP: 34/56 MP: 0/14
  6120 | D:6      | Reached skill level 7 in Polearms
  6175 | D:6      | You fall through a shaft!
  6591 | D:7      | Found a glowing silver altar of Zin.
  6591 | D:7      | Found a sacrificial altar of Ru.
  6632 | D:7      | Noticed Menkaure
  6653 | D:7      | Found Potiol's Food Shop.
  6715 | D:7      | Killed Menkaure
  6715 | D:7      | Reached skill level 8 in Polearms
  6824 | D:7      | Reached XP level 9. HP: 55/61 MP: 13/16
  6898 | D:7      | Found a sparkling altar of Nemelex Xobeh.
  6949 | D:7      | Found a staircase to the Ecumenical Temple.
  7005 | Temple   | Entered the Ecumenical Temple
  7383 | D:7      | Reached skill level 5 in Spellcasting
  7445 | D:7      | Reached skill level 5 in Charms
  7849 | D:8      | Found an iron altar of Okawaru.
  7849 | D:8      | Found an opulent altar of Gozag.
  7862 | D:8      | Became a worshipper of Gozag Ym Sagoz the Greedy
  7869 | D:8      | Found a white marble altar of Elyvilon.
  7874 | D:9      | Found a white marble altar of Elyvilon.
  7942 | D:9      | Reached skill level 9 in Polearms
  7947 | D:9      | Found a staircase to the Lair.
  8187 | D:9      | Noticed Psyche
  8204 | D:9      | Killed Psyche
  8426 | D:8      | Reached XP level 10. HP: 27/67 MP: 15/19
  8725 | D:8      | Found a bloodstained altar of Trog.
  8776 | D:8      | Reached skill level 10 in Polearms
  9566 | D:4      | Bought a scroll of enchant weapon for 82 gold pieces
  9566 | D:4      | Bought a scroll of identify for 22 gold pieces
  9566 | D:4      | Bought a scroll of enchant weapon for 82 gold pieces
  9566 | D:4      | Bought a scroll of fear for 38 gold pieces
  9635 | D:6      | Bought an uncursed ring of protection from fire for 275 gold pieces
  9823 | D:9      | Found a shattered altar of Ashenzari.
  9880 | D:9      | Reached skill level 11 in Polearms
 10301 | D:9      | Found a stormy altar of Qazlal.
 10301 | D:9      | Found a basalt altar of Yredelemnul.
 10302 | D:9      | Found an ancient bone altar of Kikubaaqudgha.
 10614 | Lair:1   | Entered Level 1 of the Lair of Beasts
 10999 | Lair:1   | Reached XP level 11. HP: 72/72 MP: 15/20
 11177 | Lair:1   | Reached skill level 12 in Polearms
 11461 | Lair:1   | Noticed a six-headed hydra
 11742 | Lair:1   | Killed a six-headed hydra
 11868 | Lair:1   | HP: 3/72 [wolf (11)]
 12439 | Lair:2   | Found a dark tunnel.
 12443 | Volcano  | Entered a volcano
 12895 | Volcano  | Reached skill level 13 in Polearms
 13016 | Volcano  | Reached skill level 1 in Armour
 13016 | Volcano  | Reached skill level 1 in Dodging
 13472 | Lair:2   | Noticed a six-headed hydra
 13487 | Lair:2   | Killed a one-headed hydra
 13487 | Lair:2   | Reached XP level 12. HP: 54/81 MP: 12/21
 14131 | Lair:3   | Found a staircase to the Swamp.
 14795 | Lair:3   | Noticed a six-headed hydra
 15015 | Lair:3   | Killed a one-headed hydra
 15341 | Lair:3   | Noticed a five-headed hydra
 15348 | Lair:3   | Killed a one-headed hydra
 15350 | Lair:3   | Noticed Harold
 15362 | Lair:3   | Killed Harold
 15865 | Lair:3   | Reached skill level 14 in Polearms
 15882 | Lair:3   | Reached skill level 5 in Fighting
 16105 | Lair:4   | Noticed a six-headed hydra
 16118 | Lair:4   | Killed a one-headed hydra
 16622 | Lair:4   | Noticed Rupert
 16624 | Lair:4   | Paralysed by Rupert for 2 turns
 16646 | Lair:4   | Killed Rupert
 16646 | Lair:4   | Gained mutation: You are in touch with the powers of death. [Mummy growth]
 16646 | Lair:4   | Gained mutation: You can restore your body by infusing magical energy. [Mummy growth]
 16646 | Lair:4   | Reached XP level 13. HP: 92/92 MP: 15/22
 16675 | Lair:4   | HP: 1/93 [blink frog (13)]
 17691 | Lair:5   | Reached skill level 5 in Armour
 18333 | Lair:5   | Reached skill level 5 in Dodging
 19042 | Lair:5   | HP: 1/93 [jumping spider (19)]
 19056 | Lair:5   | HP: 3/93 [redback (1)]
 19502 | Lair:5   | Found a hole to the Spider Nest.
 20610 | Lair:6   | Reached skill level 15 in Polearms
 21568 | Lair:7   | Reached XP level 14. HP: 49/103 MP: 19/23
 21858 | Lair:7   | Noticed Nessos
 21871 | Lair:7   | Shot with an arrow by Nessos

Skill      XL: |  1  2  3  4  5  6  7  8  9 10 11 12 13 |
---------------+----------------------------------------+-----
Polearms       | 2 3 4 5 6 8 9 11 13 14 15 | 15.3
Spellcasting   | 3 4 6 |  6.0
Charms         | 3 4 5 7 |  7.0
Armour         | 2 4 6 |  6.4
Dodging        | 2 4 6 |  6.1
Fighting       | 3 5 7 |  7.4

Action                   |  1- 3 |  4- 6 |  7- 9 | 10-12 | 13-15 || total
-------------------------+-------+-------+-------+-------+-------++-------
Melee: Spear             |   130 |   204 |   262 |   800 |   761 ||  2157
       Trident           |       |    88 |    78 |       |       ||   166
       Halberd           |       |       |       |    83 |       ||    83
 Cast: Infusion          |    21 |    35 |    16 |    13 |     2 ||    87
       Shroud of Golubri |       |     1 |       |    35 |    20 ||    56
       Spectral Weapon   |       |       |    23 |    88 |    66 ||   177
Invok: Call Merchant     |       |       |       |     1 |       ||     1
Evoke: Wand              |       |       |       |     3 |       ||     3
  Use: Scroll            |       |     5 |     4 |    12 |     7 ||    28
 Stab: Sleeping          |     1 |       |       |     3 |       ||     4
       Distracted        |       |       |     1 |    21 |    11 ||    33
Armor: Leather armour    |    28 |    40 |    35 |       |       ||   103
       Robe              |       |       |     1 |    88 |    54 ||   143
Dodge: Dodged            |    65 |   191 |   158 |   347 |   260 ||  1021
